 Dungeon Crawl Stone Soup version 0.22-a0-305-gd21a89c (webtiles) character file.

13 Amnesiac the Conjurer (level 2, 0/19 HPs)
             Began as a Mummy Conjurer on Mar 31, 2018.
             Killed from afar by Sigmund (19 damage)
             ... with a puff of flame
             ... on level 2 of the Dungeon.
             The game lasted 00:01:50 (1450 turns).

Amnesiac the Conjurer (Mummy Conjurer)              Turns: 1450, Time: 00:01:51

Health: 0/19       AC:  2    Str: 11    XL:     2   Next: 24%
Magic:  6/6        EV: 12    Int: 14    God:
Gold:   98         SH:  0    Dex: 12    Spells: 4/7 levels left

rFire    x . .     SeeInvis .   (no weapon)
rCold    + . .     Gourm    .   (no shield)
rNeg     + + +     Faith    .   a - +0 robe
rPois    ∞         Spirit   .   (no helmet)
rElec    .         Reflect  .   (no cloak)
rCorr    .         Harm     .   (no gloves)
MR       .....                  (no boots)
Stlth    ++........             (no amulet)
HPRegen  0.06/turn              (no ring)
MPRegen  0.10/turn              (no ring)

@: no status effects
A: no food or potions, fire vulnerability, cold resistance 1, negative energy
resistance 3, torment resistance, unbreathing
a: no special abilities


You were on level 2 of the Dungeon.
You were not hungry.

You visited 1 branch of the dungeon, and saw 2 of its levels.

You collected 98 gold pieces.

Inventory:

Hand Weapons
 c - a +2 whip of pain
Armour
 a - a +0 robe (worn)
Scrolls
 b - a scroll of fear {!r, unknown}
 d - 2 scrolls of identify {!r, unknown}
 e - a scroll of magic mapping {!r, unknown}


   Skills:
 - Level 1.5 Dodging
 - Level 1.5 Stealth
 - Level 3.3 Spellcasting
 + Level 3.5 Conjurations


You had 4 spell levels left.
You knew the following spells:

 Your Spells              Type           Power        Failure   Level  Hunger
a - Magic Dart            Conj           ##..         4%          1    N/A
d - Searing Ray           Conj           ##....       8%          2    N/A

Dungeon Overview and Level Annotations

Branches:
Dungeon (2/15)

Altars:
Xom

Annotations:
D:2 Sigmund


Innate Abilities, Weirdness & Mutations

You do not eat or drink.
Your flesh is vulnerable to fire.
You are immune to poison.
Your flesh is cold resistant. (rC+)
You are immune to negative energy. (rN+++)
You are immune to unholy pain and torment.
You can survive without breathing.


Message History

Press: ? - help, Shift-Dir - straight line, f - Sigmund
Aim: Sigmund, wielding a scythe and wearing an embroidered robe The searing ray hits Sigmund.
Sigmund is lightly wounded. (Press . to maintain the ray.)
The searing ray hits Sigmund.
Sigmund is lightly wounded.
Sigmund closely misses you.
The searing ray misses Sigmund.
Sigmund giggles. "Time to reap what you sow."
Sigmund hits you but does no damage.
The searing ray hits Sigmund.
Sigmund is moderately wounded.
You finish channeling your searing ray.
Sigmund hits you from afar with a scythe.
You climb upwards.
There is a stone staircase leading down here.
You start resting.
Magic restored.
You start resting.
HP restored.
You start resting.
Magic restored.
You start resting.
HP restored.
You climb downwards.
Level annotation: Sigmund
There is a stone staircase leading up here.
Casting: Searing Ray (safe; 8% risk of failure)
Confirm with . or Enter, or press ? or * to list all spells.
Aiming: Searing Ray (safe; 8% risk of failure)
Press: ? - help, Shift-Dir - straight line, f - Sigmund
Aim: Sigmund, wielding a scythe and wearing an embroidered robe (lightly wounded)
The searing ray hits Sigmund.
Sigmund is lightly wounded. (Press . to maintain the ray.) Sigmund completely misses you.
The searing ray misses Sigmund.
Sigmund closely misses you.
The searing ray hits Sigmund.
Sigmund is moderately wounded.
The searing ray hits Sigmund.
Sigmund is severely wounded.
You finish channeling your searing ray.
Sigmund closely misses you.
Casting: Searing Ray (safe; 8% risk of failure)
Confirm with . or Enter, or press ? or * to list all spells.
Aiming: Magic Dart (safe; 4% risk of failure)
Press: ? - help, Shift-Dir - straight line, f/p - Sigmund
Aim: Sigmund, wielding a scythe and wearing an embroidered robe (severely wounded)
The magic dart hits Sigmund.
Sigmund is severely wounded.
Sigmund barely misses you.
Unknown command.
You climb upwards.
There is a stone staircase leading down here.
You start resting.
Magic restored.
You start resting.
Magic restored.
You climb downwards.
Level annotation: Sigmund Sigmund gestures at you while chanting.
The puff of flame hits you! The fire burns you terribly!
Ouch! That really hurt!
You die...

### #####.# #.....#...
#@###.##.# #.# #.##.# #@#
#.##.######### .#######.#
#.#........... .........#
#.##.#.#...... .........#
#@#....#......
.........###.#....######.
.#####.....#'#...........
..## #.......)....@....#.
..# #.................#.
+ ..#
#..)................


You could see Sigmund.

Vanquished Creatures
  A leopard gecko (D:1)
  A bat (D:2)
  A giant cockroach (D:1)
  A hobgoblin (D:2)
  3 kobolds
  3 goblins
  A rat (D:1)
11 creatures vanquished.

Notes
Turn   | Place    | Note
-------+----------+-------------------------------------------
     0 | D:1      | Amnesiac the Mummy Conjurer began the quest for the Orb.
     0 | D:1      | Reached XP level 1. HP: 13/13 MP: 4/4
    44 | D:1      | Found a shimmering altar of Xom.
   694 | D:2      | Noticed Sigmund
   696 | D:2      | Reached XP level 2. HP: 19/19 MP: 4/6
   709 | D:2      | Learned a level 2 spell: Searing Ray
  1450 | D:2      | Killed from afar by Sigmund

Vault maps used:
D:1:      ncdulo_watergridlock, kennysheep_decorative_pillar, xom_teletrap_fun
D:2:      chequers_ecumenical_altar_simple_redux, uniq_crazy_yiuf_cottage,
          uniq_sigmund

Skill      XL: |  1 |
---------------+----+-----
Spellcasting   | 3 |  3.3
Dodging        | |  1.5
Stealth        | |  1.5
Conjurations   | |  3.5

Action                   || total
-------------------------++-------
 Cast: Magic Dart        ||    24
       Searing Ray       ||     2
Dodge: Dodged            ||     5

Table legend:
 A = Spawn XP
 B = Non-spawn XP
 C = Spawn XP percentage of total XP
 D = Spawn monster count
 E = Non-spawn monster count
 F = Spawn count percentage of total count
 G = Total turns spent on level
                    A         B        C        D         E        F      G
               +---------+---------+-------+---------+---------+-------+---------
         Total |       0 |      19 |   0.0 |       0 |      11 |   0.0 |  1450
               +---------+---------+-------+---------+---------+-------+---------
           D:1 |       0 |      11 |   0.0 |       0 |       6 |   0.0 |  1221
           D:2 |       0 |       8 |   0.0 |       0 |       5 |   0.0 |   229
               +---------+---------+-------+---------+---------+-------+---------
